 Dungeon Crawl Stone Soup version 0.26.1-11-gd32895ea62 (webtiles) character file.

Game seed: 11769249360803063331

211 raph the Chiller (level 5, 0/35 HPs)
             Began as a Merfolk Ice Elementalist on May 9, 2021.
             Slain by an orc priest
             ... wielding a +0 flail
              (9 damage)
             ... on level 3 of the Dungeon.
             The game lasted 00:08:22 (4346 turns).

raph the Chiller (Merfolk Ice Elementalist)         Turns: 4346, Time: 00:08:23

Health: 0/35       AC:  4    Str:  8    XL:     5   Next: 88%
Magic:  4/9        EV: 13    Int: 15    God:
Gold:   150        SH:  0    Dex: 15    Spells: 0/9 levels left

rFire    . . .     SeeInvis .   a - +0 halberd
rCold    . . .     Faith    .   (shield currently unavailable)
rNeg     . . .     Spirit   .   h - +0 robe
rPois    .         Reflect  .   j - +0 helmet
rElec    .         Harm     .   (no cloak)
rCorr    .         Rampage  .   c - +0 pair of gloves
Will     .....                  (no boots)
Stlth    ++........             (no amulet)
HPRegen  0.11/turn              (no ring)
MPRegen  0.11/turn              (no ring)

@: frozen ramparts
A: change form in water, swift swim, stealthy swim
a: no special abilities


You were on level 3 of the Dungeon.
You visited 1 branch of the dungeon, and saw 3 of its levels.

You collected 150 gold pieces.

Inventory:

Hand Weapons
 a - a +0 halberd (weapon)
 b - a +0 dagger
Missiles
 f - 23 poisoned darts (quivered)
Armour
 c - a +0 pair of gloves (worn)
 h - a +0 robe (worn)
 j - a +0 helmet (worn)
Jewellery
 i - a +4 ring of evasion
Scrolls
 d - 3 scrolls of identify
 e - 2 scrolls of magic mapping
Potions
 g - a potion of heal wounds


   Skills:
 - Level 0.3 Fighting
 * Level 3.3 Polearms
 - Level 3.3 Dodging
 - Level 2.6 Stealth
 + Level 2.7 Spellcasting
 + Level 0.3 Translocations
 + Level 6.1 Ice Magic


You couldn't memorise any spells.
You knew the following spells:

 Your Spells              Type           Power        Failure   Level
a - Freeze                Ice            80%          1%          1
b - Frozen Ramparts       Ice            40%          4%          3
c - Ozocubu's Armour      Ice            20%          4%          3
d - Blink                 Tloc           N/A          26%         2

Your spell library contained the following spells:

 Spells                   Type           Power        Failure   Level
 Magic Dart               Conj           8%           21%         1
 Call Imp                 Summ           2%           30%         2
 Slow                     Hex            2%           30%         2
 Hailstorm                Conj/Ice       11%          50%         4
 Summon Ice Beast         Ice/Summ       11%          50%         4
 Conjure Flame            Conj/Fire      2%           52%         3
 Mephitic Cloud           Conj/Pois/Air  2%           52%         3


Dungeon Overview and Level Annotations

Branches:
Dungeon (3/15)

Altars:


Message History

The wall freezes the orc.
The orc hits you with a +0 club.
You closely miss the orc.
The orc is heavily wounded.
The frozen ramparts melt away.
The orc hits you with a +0 club.
Casting: Frozen Ramparts (dangerous; 4% risk of failure)
Confirm with . or Enter, or press ? or * to list all spells.
Casting: Frozen Ramparts (dangerous; 4% risk of failure)
Press: ? - help, Dir - look around, f - activate The walls around you are covered in ice.
The wall freezes the orc priest.
The orc priest invokes the aid of Beogh against you.
Pain shoots through your body!
* * * LOW HITPOINT WARNING * * *
You puncture the orc priest!
The orc priest is severely wounded.
The wall freezes the orc.
You kill the orc!
The wall freezes the orc priest.
The orc priest hits you with a +0 flail!
You die...

,,,,,#.......#
########.#
,,,,,.########***##**
#.# ,,,,,,*
#,,,,,..#######.#####
,,,,,**
#.****#.............#
******
#.#####..###.##.#....
#........# #....#.#.#
*...,#...###.####.#.#
#.#o###.....)####.#..
#..)@#.........##§#§§
#####.##.......##§#§§
#.##.......##§§§§
###.##†......####§#
##...##......<# #§#
##.............# #..
#.....>........######
#........###.......##
#........###.#####.##


You could see an orc priest.

Vanquished Creatures
  Terence (D:3)
  Robin (D:3)
  2 gnolls (D:1)
  5 adders
  An ooze (D:2)
  3 dart slugs
  2 leopard geckos
  6 orcs (D:3)
  A ball python (D:3)
  5 giant cockroaches
  6 goblins
  15 hobgoblins
  9 jackals
  8 kobolds
  3 quokkas (D:2)
  12 bats
  A frilled lizard (D:3)
  4 rats
85 creatures vanquished.

Notes
Turn   | Place    | Note
-------+----------+-------------------------------------------
     0 | D:1      | raph the Merfolk Ice Elementalist began the quest for the
                  | Orb.
     0 | D:1      | Reached XP level 1. HP: 13/13 MP: 3/3
   124 | D:1      | Reached XP level 2. HP: 10/19 MP: 0/5
   676 | D:1      | Reached XP level 3. HP: 18/24 MP: 2/6
   686 | D:1      | Learned a level 3 spell: Frozen Ramparts
   984 | D:1      | Reached skill level 5 in Ice Magic
  1818 | D:2      | Reached XP level 4. HP: 30/30 MP: 7/7
  2541 | D:2      | Reached skill level 1 in Polearms
  3179 | D:3      | Noticed Terence
  3187 | D:3      | Reached XP level 5. HP: 30/35 MP: 1/8
  3201 | D:3      | Killed Terence
  3338 | D:3      | Reached skill level 6 in Ice Magic
  3343 | D:3      | Learned a level 3 spell: Ozocubu's Armour
  3477 | D:3      | Learned a level 2 spell: Blink
  3611 | D:3      | Noticed Robin
  3628 | D:3      | Killed Robin
  4346 | D:3      | Slain by an orc priest

Illustrated notes

Levels and vault maps discovered:
D:1:      tarquinn_simple_flora_water_b, layout_basic
D:2:      layout_loops_ring
D:3:      layout_loops_cross, uniq_robin, uniq_terence

Skill      XL: |  1  2  3  4  5 |
---------------+----------------+-----
Dodging        | 3 |  3.3
Ice Magic      | 5 6 |  6.1
Polearms       | 1 3 |  3.3
Fighting       | |  0.3
Stealth        | |  2.6
Spellcasting   | |  2.7
Translocations | |  0.3

Action                   |  1- 3 |  4- 6 || total
-------------------------+-------+-------++-------
Melee: Unarmed           |     2 |       ||     2
       Halberd           |    16 |    82 ||    98
       Dagger            |     7 |       ||     7
Throw: Dart              |       |     2 ||     2
 Cast: Freeze            |    45 |     6 ||    51
       Frozen Ramparts   |     1 |    19 ||    20
  Use: Scroll            |       |     6 ||     6
 Stab: Sleeping          |     3 |     4 ||     7
       Distracted        |     1 |       ||     1
Armor: Robe              |    10 |    19 ||    29
Dodge: Dodged            |    49 |    64 ||   113
